 Dungeon Crawl Stone Soup version 0.30-a0-878-gc727b3d3d6 (webtiles) character file.

Game seed: 8139414268533279145

4785 112233 the Thaumaturge (level 10, -7/59 HPs)
             Began as a Deep Elf Conjurer on Mar 12, 2023.
             Was a Believer of Vehumet.
             Shot with a bolt by an orc warrior (10 damage)
             ... on level 10 of the Dungeon.
             The game lasted 00:16:54 (10776 turns).

112233 the Thaumaturge (Deep Elf Conjurer)         Turns: 10776, Time: 00:16:55

Health: -7/59      AC:  5    Str:  4    XL:     10   Next: 24%
Magic:  18/29      EV: 15    Int: 34    God:    Vehumet [**....]
Gold:   429        SH:  0    Dex: 13    Spells: 24/35 levels left

rFire   . . .      SeeInvis .    z - +1 hand axe (freeze)
rCold   . . .      Faith    .    (no shield)
rNeg    . . .      Spirit   .    a - +0 robe
rPois   +          Reflect  .    v - +0 helmet
rElec   .          Rampage  .    (no cloak)
rCorr   .                        (no gloves)
Will    +....                    s - +1 pair of boots
Stlth   ++                       (no amulet)
HPRegen 0.29/turn                l - ring of poison resistance
MPRegen 0.21/turn                N - +6 ring of intelligence

@: flying
A: no striking features
a: Renounce Religion


You were on level 10 of the Dungeon.
You worshipped Vehumet.
Vehumet was pleased with you.
You visited 2 branches of the dungeon, and saw 11 of its levels.

You collected 429 gold pieces.

Inventory:

Hand Weapons
 t - a +0 dagger of protection
 z - a +1 hand axe of freezing (weapon)
 I - a +3 short sword
Armour
 a - a +0 robe (worn)
 s - a +1 pair of boots (worn)
 v - a +0 helmet (worn)
Jewellery
 l - a ring of poison resistance (left hand)
 x - a +4 ring of slaying
 G - a ring of resist corrosion
 N - a +6 ring of intelligence (right hand)
Wands
 y - a wand of light (25)
 F - a wand of flame (15)
 M - a wand of mindburst (13)
Scrolls
 d - 11 scrolls of identify {unknown}
 e - a scroll of torment {unknown}
 k - 3 scrolls of magic mapping {unknown}
 n - 4 scrolls of poison {unknown}
 p - 2 scrolls of blinking {unknown}
 q - a scroll of amnesia {unknown}
 r - 9 scrolls of immolation {unknown}
 u - 4 scrolls of teleportation {unknown}
 A - 2 scrolls of noise {unknown}
 E - a scroll of vulnerability {unknown}
 K - 2 scrolls of silence {unknown}
 L - a scroll of fog {unknown}
 O - a scroll of enchant weapon {unknown}
Potions
 b - 3 potions of magic
 c - 2 potions of flight
 f - 2 potions of berserk rage {unknown}
 g - a potion of mutation {unknown}
 h - 2 potions of brilliance {unknown}
 i - 4 potions of lignification {unknown}
 j - 2 potions of degeneration {unknown}
 m - a potion of ambrosia {unknown}
 o - 2 potions of attraction {unknown}
 w - a potion of invisibility {unknown}
 B - a potion of might {unknown}
 C - a potion of curing {unknown}
 D - a potion of heal wounds {unknown}
 H - a potion of resistance {unknown}
 J - 2 potions of cancellation {unknown}
 P - a potion of haste {unknown}


   Skills:
 + Level 5.2 Fighting
 + Level 8.1 Dodging
 - Level 2.4 Stealth
 + Level 13.1 Spellcasting
 + Level 8.8 Conjurations


You had 24 spell levels left.
You knew the following spells:

 Your Spells              Type           Power      Damage    Failure   Level
a - Magic Dart            Conj           100%       1d8       1%          1
b - Searing Ray           Conj           100%       2d8       1%          2
c - Iskenderun's Mystic   Conj/Tloc      51%        2d11      3%          4
d - Fulminant Prism       Conj/Hex       25%        3d14      3%          4

Your spell library contained the following spells:

 Spells                   Type           Power      Damage    Failure   Level
 Shock                    Conj/Air       100%       1d9       1%          1
 Sandblast                Erth           44%        2d11      1%          1
 Dazzling Flash           Conj/Hex       100%       N/A       1%          3
 Stone Arrow              Conj/Erth      100%       3d13      1%          3
 Cigotuvi's Dreadful Rot  Necr/Pois/Air  44%        N/A       3%          2
 Ensorcelled Hibernation  Hex/Ice        44%        N/A       3%          2
 Passwall                 Tmut/Erth      18%        N/A       3%          2
 Spider Form              Tmut/Pois      22%        N/A       6%          3
 Swiftness                Air            22%        N/A       6%          3
 Anguish                  Hex/Necr       11%        N/A       19%         4
 Dispel Undead            Necr           22%        3d12      19%         4
 Death Channel            Necr           11%        N/A       96%         6
 Malign Gateway           Summ/Tloc      11%        N/A       100%        7
 Summon Horrible Things   Summ           11%        N/A       100%        8


Dungeon Overview and Level Annotations

Branches:
Dungeon (10/15)            Temple (1/1) D:6
   Lair: D:8-11         Orc: D:9-12

Altars:
Ashenzari
Cheibriados
Dithmenos
Elyvilon
Fedhas
Gozag
Kikubaaqudgha
Makhleb
Nemelex Xobeh
Okawaru
Qazlal
Sif Muna
Trog
Uskayaw
Vehumet
Yredelemnul
The Shining One

Shops:
D:1 [

Annotations:
D:6 Querens's ghost, novice DjCj


Message History

The orc warrior is almost dead.
The orc warrior is knocked back by the mystic blast.
The orc warrior slams into the rock wall!
The orc warrior is almost dead.
The mystic blast hits the centaur!
You kill the centaur!
Vehumet accepts your kill.
The orc warrior shoots a bolt.
The bolt hits you!
* * * LOW HITPOINT WARNING * * *
Unknown command.
Casting: Iskenderun's Mystic Blast (dangerous; 3% risk of failure)
Confirm with . or Enter, or press ? or * to list all spells.
You erupt in a blast of force!
The mystic blast hits the orc priest.
The orc priest is moderately wounded.
The orc priest is knocked back by the mystic blast.
The orc priest collides with the orc warrior!
You kill the orc warrior!
Vehumet accepts your kill.
The orc priest is almost dead.
Unknown command.
Unknown command.
Unknown command.
Casting: Iskenderun's Mystic Blast (dangerous; 3% risk of failure)
Confirm with . or Enter, or press ? or * to list all spells.
You erupt in a blast of force!
The mystic blast hits the orc warrior!
The orc warrior is heavily wounded.
The orc warrior is knocked back by the mystic blast.
The orc warrior slams into the rock wall!
The orc warrior is heavily wounded.
The orc warrior shoots a bolt.
The bolt closely misses you.
The orc warrior shoots a bolt.
The bolt hits you!
* * * LOW HITPOINT WARNING * * *
The orc priest calls upon Beogh to heal the orc warrior.
The orc warrior is healed somewhat.
Unknown command.
Unknown command.
It was a potion of flight.
You feel very buoyant.
You fly up into the air.
The orc warrior shoots a bolt.
The bolt hits you!
You die...

#### ###..# #....#
##..#### ###
###..#..#####.##
#@.)......#....#
##)......##....###
#.))............#.
o{......o)o.##..........
#...c..#####........#...
#...... #..........#...
#...... ................
o...... ...........#....
....... ...........#..##


You could see an orc warrior and an orc priest.

Vanquished Creatures
  A troll (D:9)
  Sigmund (D:4)
  A wraith (D:9)
  7 yaks
  2 water moccasins (D:5)
  A black bear (D:6)
  2 orc warriors
  2 ice beasts
  An ogre (D:5)
  5 centaurs
  2 kobold brigands
  3 gnoll sergeants
  3 bullfrogs
  A scorpion (D:7)
  4 wights (D:6)
  10 killer bees
  3 jellies (D:6)
  3 hounds
  A sleepcap (D:7)
  A gnoll bouda (D:9)
  4 orc priests
  Ijyb (D:5)
  5 orc wizards
  14 gnolls
  8 adders
  A shadow imp (D:6)
  5 white imps
  An ufetubus (D:6)
  2 worms
  A dart slug (D:2)
  21 orcs
  8 ball pythons
  3 bats
  10 endoplasms
  A giant cockroach (D:3)
  6 goblins
  4 hobgoblins
  3 jackals (D:4)
  14 kobolds
  2 quokkas (D:3)
  4 frilled lizards
  22 rats
194 creatures vanquished.

Vanquished Creatures (others)
  7 fulminant prisms
7 creatures vanquished.

Grand Total: 201 creatures vanquished

Notes
Turn   | Place    | Note
-------+----------+-------------------------------------------
     0 | D:1      | 112233 the Deep Elf Conjurer began the quest for the Orb.
     0 | D:1      | Reached XP level 1. HP: 10/10 MP: 6/6
   176 | D:1      | Found Toas's Antique Armour Shop.
   417 | D:1      | Reached skill level 4 in Spellcasting
   417 | D:1      | Reached XP level 2. HP: 15/15 MP: 5/9
  1169 | D:2      | Learned a level 2 spell: Searing Ray
  1409 | D:2      | Reached skill level 5 in Spellcasting
  1409 | D:2      | Reached XP level 3. HP: 13/19 MP: 4/11
  2248 | D:3      | Reached skill level 6 in Spellcasting
  2248 | D:3      | Reached XP level 4. HP: 24/24 MP: 10/14
  2785 | D:4      | Reached skill level 7 in Spellcasting
  2869 | D:4      | Found a burning altar of Makhleb.
  2883 | D:4      | Found a shadowy altar of Dithmenos.
  2886 | D:4      | Found a white marble altar of Elyvilon.
  2903 | D:4      | Found a bloodstained altar of Trog.
  2961 | D:4      | Reached XP level 5. HP: 28/28 MP: 11/16
  3582 | D:4      | Noticed Sigmund
  3641 | D:4      | Killed Sigmund
  3642 | D:4      | Reached skill level 9 in Spellcasting
  3642 | D:4      | Reached XP level 6. HP: 25/32 MP: 8/20
  4016 | D:5      | Entered Level 5 of the Dungeon
  4020 | D:5      | Noticed Ijyb
  4704 | D:5      | Reached skill level 10 in Spellcasting
  4704 | D:5      | Reached XP level 7. HP: 36/36 MP: 15/22
  4779 | D:5      | Reached skill level 5 in Conjurations
  4785 | D:5      | Learned a level 4 spell: Iskenderun's Mystic Blast
  4994 | D:5      | Killed Ijyb
  5082 | D:5      | Reached skill level 1 in Fighting
  5377 | D:6      | Found a staircase to the Ecumenical Temple.
  5608 | D:6      | Reached XP level 8. HP: 44/44 MP: 17/24
  5665 | Temple   | Entered the Ecumenical Temple
  5674 | Temple   | Became a worshipper of Vehumet
  6190 | D:6      | Noticed Querens's ghost (novice DjCj)
  6343 | D:6      | Reached skill level 11 in Spellcasting
  6705 | D:6      | Learned a level 4 spell: Fulminant Prism
  6859 | D:7      | Reached skill level 5 in Dodging
  7813 | D:8      | Reached XP level 9. HP: 39/51 MP: 11/26
  7816 | D:8      | Reached skill level 12 in Spellcasting
  9670 | D:9      | Reached * piety under Vehumet
  9670 | D:9      | Offered knowledge of Foxfire by Vehumet.
  9911 | D:9      | Noticed a troll
  9923 | D:9      | Killed a troll
  9924 | D:9      | Reached XP level 10. HP: 58/58 MP: 10/28
 10111 | D:9      | Found a glowing golden altar of the Shining One.
 10112 | D:9      | Found an ancient bone altar of Kikubaaqudgha.
 10113 | D:9      | Found a blossoming altar of Fedhas.
 10414 | D:9      | Noticed a boulder beetle
 10591 | D:10     | Entered Level 10 of the Dungeon
 10597 | D:10     | Reached skill level 5 in Fighting
 10605 | D:10     | Reached skill level 13 in Spellcasting
 10766 | D:10     | Reached ** piety under Vehumet
 10766 | D:10     | Offered knowledge of Shock by Vehumet.
 10775 | D:10     | HP: 2/59 [orc warrior/bolt (16)]
 10776 | D:10     | Shot with a bolt by an orc warrior

Illustrated notes

Levels and vault maps discovered:
D:1:      elethiomel_arrival_quiet, layout_loops_ring, serial_shops, shop,
          nicolae_hexahallways, chequers_arboretum
D:2:      minmay_wonky_spiral, layout_rooms
D:3:      layout_loops_cross, minmay_rat_hole
D:4:      layout_loops_ring, grunt_temple_overflow_cloverleaf, uniq_sigmund
D:5:      layout_basic, uniq_ijyb
D:6:      layout_loops_corners, minmay_temple_entry_statues_fountains,
          gammafunk_ghost_smash
D:7:      minmay_s_stair_smasher, layout_loops_ring, overflow_temple_1_default
D:8:      layout_gridville
D:9:      layout_roguey, chequers_temple_overflow_statue_of_worship
D:10:     layout_cave_pools
Temple:   eino_temple_lava

Skill      XL: |  1  2  3  4  5  6  7  8  9 10 |
---------------+-------------------------------+-----
Spellcasting   | 4 5 6 7 9 10 11 12 13 | 13.1
Conjurations   | 5 7 8 |  8.8
Fighting       | 1 3 4 5 |  5.2
Dodging        | 3 6 7 8 |  8.1
Stealth        | |  2.4

Action                     |  1- 3 |  4- 6 |  7- 9 | 10-12 || total
---------------------------+-------+-------+-------+-------++-------
  Melee: Dagger            |       |    21 |       |       ||    21
         Hand axe          |       |       |     7 |       ||     7
   Cast: Magic Dart        |    77 |   106 |    99 |    18 ||   300
         Searing Ray       |     2 |     8 |    53 |     9 ||    72
         Fulminant Prism   |       |       |     7 |       ||     7
         Iskenderun's Myst |       |       |    13 |    18 ||    31
    Use: Potion            |       |       |       |     2 ||     2
 Armour: Robe              |     1 |     8 |    17 |     3 ||    29
  Dodge: Dodged            |     1 |    24 |    53 |    18 ||    96

Table legend: (Time is in decaauts)
 A = Elapsed time spent in this place.
 B = Non-inter-level travel time spent in this place.
 C = Inter-level travel time spent in this place.
 D = Time resting spent in this place.
 E = Time spent auto-exploring this place.
 F = Levels seen in this place.
 G = Mean time per level.
                   A        B        C        D        E       F      G
               +--------+--------+--------+--------+--------+-----+--------+
         Total |  10781 |  10322 |    459 |   1529 |   7600 |  11 |  980.1 |
       Dungeon |  10765 |  10322 |    443 |   1529 |   7600 |  10 | 1076.5 |
        Temple |     16 |      1 |     15 |      0 |      0 |   1 |   16.0 |
               +--------+--------+--------+--------+--------+-----+--------+

Top non-repeatable levels by time:
     D:8: 1606 daAuts
     D:6: 1490 daAuts
     D:4: 1361 daAuts
     D:9: 1264 daAuts
     D:5: 1171 daAuts
     D:1: 1073 daAuts
     D:7: 957 daAuts
     D:2: 954 daAuts
     D:3: 702 daAuts
    D:10: 184 daAuts
  Temple: 16 daAuts
